 Dungeon Crawl Stone Soup version 0.29.1-13-g9f3cf754e1 (webtiles) character file.

Game seed: 16485775594678158809

46 theswoord the Chiller (level 3, -5/28 HPs)
             Began as a Naga Ice Elementalist on Feb 2, 2023.
             Slain by a gnoll
             ... wielding a +0 halberd
              (12 damage)
             ... on level 2 of the Dungeon.
             The game lasted 00:02:25 (1632 turns).

theswoord the Chiller (Naga Ice Elementalist)       Turns: 1632, Time: 00:02:26

Health: -5/28      AC:  2    Str: 10    XL:     3   Next: 68%
Magic:  5/7        EV:  9    Int: 17    God:
Gold:   59         SH:  0    Dex: 11    Spells: 6/7 levels left

rFire   . . .      SeeInvis +   d - +2 mace (protect)
rCold   . . .      Faith    .   (no shield)
rNeg    . . .      Spirit   .   a - +0 robe
rPois   +          Reflect  .   (no helmet)
rElec   .          Harm     .   (no cloak)
rCorr   .          Rampage  .   (no gloves)
Will    .....                   (no barding)
Stlth   ++........              (no amulet)
HPRegen 0.09/turn               (no ring)
MPRegen 0.10/turn               (no ring)

@: very slow
A: AC +1, large, see invisible, deformed body, poison resistance, slowness 2,
spit poison 1, naga tail 1
a: Spit Poison


You were on level 2 of the Dungeon.
You visited 1 branch of the dungeon, and saw 2 of its levels.

You collected 59 gold pieces.

Inventory:

Hand Weapons
 d - a +2 mace of protection (weapon)
Armour
 a - a +0 robe (worn)
Potions
 b - a potion of magic
 c - a potion of heal wounds
 e - 2 potions of lignification {unknown}
 f - a potion of curing {unknown}


   Skills:
 - Level 1.5 Dodging
 - Level 3.0 Stealth
 + Level 2.9 Spellcasting
 + Level 4.6 Ice Magic


You had 6 spell levels left.
You knew the following spells:

 Your Spells              Type           Power      Damage    Failure   Level
a - Freeze                Ice            72%        1d9       2%          1

Your spell library contained the following spells:

 Spells                   Type           Power      Damage    Failure   Level
 Frozen Ramparts          Ice            36%        1d6       8%          3
 Ozocubu's Armour         Ice            18%        N/A       8%          3
 Hailstorm                Conj/Ice       10%        3d5       56%         4


Dungeon Overview and Level Annotations

Branches:
Dungeon (2/15)

Altars:


Innate Abilities, Weirdness & Mutations

Your serpentine skin is tough. (AC +1)
You have supernaturally acute eyesight. (SInv)
Armour fits poorly on your strangely shaped body.
Your system is resistant to poisons. (rPois)
You cover ground very slowly.
You can spit poison.
You have a snake-like lower body.


Message History

You hit the gnoll.
Your weapon exudes an aura of protection.
The gnoll is severely wounded.
The gnoll closely misses you. The goblin barely misses you.
The gnoll barely misses you.
You hit the gnoll.
The gnoll is almost dead.
The gnoll barely misses you. The goblin hits you but does no damage.
The gnoll hits you with a +0 spear.
You sock the gnoll!
You kill the gnoll!
You have got your breath back.
The gnoll closely misses you.
The goblin hits you but does no damage. x2
The gnoll completely misses you.
Casting: Freeze (safe; 2% risk of failure)
Confirm with . or Enter, or press ? or * to list all spells.
Aiming: Freeze (safe; 2% risk of failure)
Press: ? - help, Shift-Dir - straight line, f - goblin
Aim: a goblin, wielding a +0 dagger You freeze the goblin.
The goblin is almost dead.
The gnoll closely misses you. The goblin hits you but does no damage.
Casting: Freeze (safe; 2% risk of failure)
Confirm with . or Enter, or press ? or * to list all spells.
Aiming: Freeze (safe; 2% risk of failure)
Press: ? - help, Shift-Dir - straight line, f/p - goblin
Aim: a goblin, wielding a +0 dagger (almost dead)
You freeze the goblin.
You kill the goblin!
The gnoll looks more healthy.
The gnoll hits you from afar with a +0 halberd.
The gnoll barely misses you.
Things that are here:
a +0 spear; a gnoll corpse You barely miss the gnoll.
The gnoll is heavily wounded.
The gnoll hits you with a +0 halberd!
* * * LOW HITPOINT WARNING * * *
The gnoll hits you with a +0 halberd!
You die...

,########..##.......<.......,,,*
,#.........##†.#############**,*
,#.######.###..# *,* ,*,* ###.#
#..###### *,*
,#.####...###.......## *,*
,#..........#.>......# *,*
,#####)...#.#....)...#********,**
**####.##.#.#..#.#.#.#*,,,,,,,,,*
# #...[##.#,#..#@#,*,**,,,,,,,,,,
# #....##.#,#..#g#,,,,,,,,,,,,,,*
# #....##.#.#..#.#,*,**,,,,,,,,,*
# #....#*<#.#..#.#,*,**,,,,,,,,,*
###....#*,#.#..#.#,*,**,,,,,,,,,*
.......#*,#.#..#..,*,**,,,,,,,,,,
###.##.#*,#.#..#####.**,,,,,,,,,,
.......<.,#.#........**,,,,,,,,,,
###.##.####.#.#######*********,,,


You could see a gnoll.

Vanquished Creatures
  A gnoll (D:2)
  An adder (D:2)
  2 dart slugs (D:1)
  4 endoplasms
  A giant cockroach (D:1)
  4 goblins
  A hobgoblin (D:1)
  A quokka (D:1)
  A bat (D:2)
  5 frilled lizards
  2 kobolds (D:1)
  2 rats (D:1)
25 creatures vanquished.

Notes
Turn   | Place    | Note
-------+----------+-------------------------------------------
     0 | D:1      | theswoord the Naga Ice Elementalist began the quest for the
                  | Orb.
     0 | D:1      | Reached XP level 1. HP: 15/15 MP: 3/3
   487 | D:1      | Reached XP level 2. HP: 22/22 MP: 5/5
  1478 | D:2      | Reached XP level 3. HP: 28/28 MP: 5/7
  1632 | D:2      | Slain by a gnoll

Action                   || total
-------------------------++-------
Melee: Mace              ||    55
 Cast: Freeze            ||     9
 Abil: Spit Poison       ||     1
  Use: Scroll            ||     2
       Potion            ||     1
 Stab: Sleeping          ||     4
Armor: Robe              ||    30
Dodge: Dodged            ||    42

Levels and vault maps discovered:
D:1:      lemuel_arrival_muddy, layout_basic
D:2:      layout_basic, minmay_split_cup_large, uniq_terence
